 Dungeon Crawl Stone Soup version 0.29.1-1-gd02db6906a (webtiles) character file.

Game seed: 9880215703451799792

47 Jakudza the Gusty (level 3, -4/20 HPs)
             Began as a Tengu Air Elementalist on Sept 24, 2022.
             Killed from afar by Natasha (6 damage)
             ... with a magic dart
             ... on level 3 of the Dungeon.
             The game lasted 00:05:11 (2478 turns).

Jakudza the Gusty (Tengu Air Elementalist)          Turns: 2478, Time: 00:05:12

Health: -4/20      AC:  4    Str:  8    XL:     3   Next: 70%
Magic:  1/7        EV: 12    Int: 17    God:
Gold:   70         SH:  0    Dex: 14    Spells: 4/7 levels left

rFire   . . .      SeeInvis .   c - +0 whip (protect)
rCold   . . .      Faith    .   (no shield)
rNeg    . . .      Spirit   .   a - +1 robe
rPois   .          Reflect  .   (helmet restricted)
rElec   .          Harm     .   (no cloak)
rCorr   .          Rampage  .   e - +0 pair of gloves
Will    .....                   (boots unavailable)
Stlth   ++........              (no amulet)
HPRegen 0.06/turn               (no ring)
MPRegen 0.10/turn               (no ring)

@: slowed, very slow
A: beak, talons 3
a: no special abilities


You were on level 3 of the Dungeon.
You visited 1 branch of the dungeon, and saw 3 of its levels.

You collected 70 gold pieces.

Inventory:

Hand Weapons
 c - a +0 whip of protection (weapon)
Armour
 a - a +1 robe (worn)
 e - a +0 pair of gloves (worn)
Jewellery
 d - an amulet of guardian spirit
Potions
 b - a potion of magic
 f - a potion of invisibility
 g - a potion of curing


   Skills:
 + Level 0.4 Fighting
 + Level 2.6 Dodging
 - Level 2.1 Stealth
 * Level 2.5 Spellcasting
 + Level 2.2 Conjurations
 * Level 4.7 Air Magic


You had 4 spell levels left.
You knew the following spells:

 Your Spells              Type           Power      Damage    Failure   Level
a - Shock                 Conj/Air       52%        1d6       4%          1
b - Static Discharge      Conj/Air       13%        3-5/arc   7%          2

Your spell library contained the following spells:

 Spells                   Type           Power      Damage    Failure   Level
 Swiftness                Air            18%        N/A       8%          3
 Poisonous Vapours        Pois/Air       20%        N/A       11%         2
 Apportation              Tloc           4%         N/A       19%         1
 Sting                    Tmut/Pois      8%         1d3       19%         1
 Airstrike                Air            9%         2d(2-18)  26%         4
 Blink                    Tloc           4%         N/A       28%         2
 Lesser Beckoning         Tloc           2%         N/A       50%         3
 Sticky Flame             Conj/Fire      5%         2d3       75%         4
 Dispel Undead            Necr           2%         3d7       88%         4
 Olgreb's Toxic Radiance  Pois           2%         N/A       88%         4
 Alistair's Intoxication  Tmut/Pois      1%         N/A       99%         5
 Manifold Assault         Tloc           2%         N/A       99%         5


Dungeon Overview and Level Annotations

Branches:
Dungeon (3/15)

Altars:

Shops:
D:2 (

Annotations:
D:3 Natasha


Innate Abilities, Weirdness & Mutations

You have a beak for a mouth.
You have claws for feet.


Message History

Natasha, Servant of Life and Death comes into view.
The zap hits Natasha.
Natasha is lightly wounded.
Natasha extends her claws.
Natasha stares at you and mumbles some strange words.
You feel yourself slow down.
The zap hits Natasha.
Natasha is moderately wounded.
The zap hits Natasha.
Natasha is moderately wounded.
The zap misses Natasha.
The zap hits Natasha.
Natasha is severely wounded.
Natasha mumbles some strange words.
Casting: Shock (safe; 4% risk of failure)
Confirm with . or Enter, or press ? or * to list all spells.
Natasha is struck by an arc of lightning.
Natasha is almost dead.
You are struck by an arc of lightning.
The lightning grounds out.
Natasha casts a spell at you. The magic dart hits you!
You hit Natasha but do no damage.
Your weapon exudes an aura of protection.
Natasha is almost dead.
Natasha barely misses you. Natasha claws you.
You are too injured to fight recklessly!
You closely miss Natasha. Your kick misses Natasha.
Natasha is almost dead.
Natasha mewls in sadness.
Natasha claws you.
* * * LOW HITPOINT WARNING * * *
The crimson imp hits you but does no damage.
Natasha claws you.
* * * LOW HITPOINT WARNING * * *
You closely miss Natasha.
Natasha is almost dead.
The crimson imp hits you but does no damage.
Natasha casts a spell at you. The magic dart hits you.
You die...

..... . ....... .
...... #.#.#..## .
#.#.#...#
...#.......#####.
.........#h5......
..........@.#
.......#...##
.......#..##
.......#.##
.........#######
................
.......<........
####...#.#######
#.###.#


You could see Natasha and a crimson imp (summoned).

Vanquished Creatures
  An adder (D:2)
  2 worms (D:2)
  2 dart slugs (D:2)
  2 endoplasms
  4 giant cockroaches
  A hobgoblin (D:1)
  A kobold (D:2)
  7 ball pythons
  4 bats
  3 goblins
  A rat (D:2)
28 creatures vanquished.

Vanquished Creatures (others)
  2 plants (D:2)
2 creatures vanquished.

Grand Total: 30 creatures vanquished

Notes
Turn   | Place    | Note
-------+----------+-------------------------------------------
     0 | D:1      | Jakudza the Tengu Air Elementalist began the quest for the
                  | Orb.
     0 | D:1      | Reached XP level 1. HP: 10/10 MP: 4/4
   322 | D:1      | Reached XP level 2. HP: 15/15 MP: 3/6
  1133 | D:2      | Reached XP level 3. HP: 19/19 MP: 0/7
  1136 | D:2      | Learned a level 2 spell: Static Discharge
  1261 | D:2      | Found a faded altar of an unknown god.
  1403 | D:2      | Found Pytauput's Antique Weapon Shop.
  2469 | D:3      | Noticed Natasha
  2478 | D:3      | Killed from afar by Natasha

Illustrated notes

Levels and vault maps discovered:
D:1:      reono_arrival_mine, layout_loops_ring
D:2:      layout_loops_cross, nicolae_ecumenical_snake_handling, serial_shops,
          shop, serial_bayou, serial_bayou_crossing, serial_bayou_shore_a,
          serial_bayou_pond_e, serial_bayou_shore_b, minmay_misc_feat_hallway,
          st_stairs_11
D:3:      layout_rooms, dk_noncrumbling_2, hangedman_decor_push, uniq_grinder,
          uniq_natasha

Skill      XL: |  1  2  3 |
---------------+----------+-----
Conjurations   | 2 |  2.2
Fighting       | |  0.4
Dodging        | |  2.6
Stealth        | |  2.1
Spellcasting   | |  2.5
Air Magic      | |  4.7

Action                   || total
-------------------------++-------
Melee: Whip              ||    11
       Kick              ||     3
 Cast: Shock             ||    73
       Static Discharge  ||     2
  Use: Scroll            ||    10
Armor: Robe              ||     4
Dodge: Dodged            ||    12
